 Dungeon Sprint DCSS version 0.27-a0-203-gd48b2df3c9 (webtiles) character file.

Game seed: 10622493146500105204

147 mhtbhm the Covert (level 5, -3/42 HPs)
             Began as a Spriggan Brigand on Jan 30, 2021.
             Was an Initiate of Dithmenos.
             Slain by a spriggan
             ... wielding a +0 rapier
              (6 damage)
             ... in the Dungeon (Sprint IV: "Fedhas' Mad Dash").
             The game lasted 00:01:08 (695 turns).

mhtbhm the Covert (Spriggan Brigand)                 Turns: 695, Time: 00:01:09

Health: -3/42      AC:  3    Str:  7    XL:     5   Next: 7%
Magic:  4/6        EV: 18    Int: 13    God:    Dithmenos [......]
Gold:   43         SH:  0    Dex: 18    Spells: 4/4 levels left

rFire    . . .     SeeInvis +   a - +2 dagger
rCold    . . .     Faith    .   (shield restricted)
rNeg     . . .     Spirit   .   b - +0 robe
rPois    .         Reflect  .   (helmet restricted)
rElec    .         Harm     .   c - +0 cloak
rCorr    .         Rampage  .   (gloves unavailable)
Will     .....     NoTele   +   (boots unavailable)
Stlth    ..........             l - amulet of invisibility {+Inv}
HPRegen  0.14/turn              (no ring)
MPRegen  0.10/turn              (no ring)

@: berserking, very slightly contaminated, invisible (expiring), very quick
A: very small, unfitting armour, see invisible, speed 3
a: Renounce Religion, Evoke Invisibility


You were in the Dungeon.
You worshipped Dithmenos.
Dithmenos was noncommittal.
You visited 1 branch You collected 43 gold pieces.

Inventory:

Hand Weapons
 a - a +2 dagger (weapon)
Missiles
 d - 19 poisoned darts
 e - 2 curare-tipped darts (quivered)
Armour
 b - a +0 robe (worn)
 c - a +0 cloak (worn)
Jewellery
 l - the amulet of invisibility (around neck) {+Inv}
   (You found it in the Dungeon)

   [amulet of nothing]

   It lets you turn invisible.
Scrolls
 k - a scroll of blinking
Potions
 f - a potion of curing
 g - a potion of heal wounds
 h - a potion of haste
 i - 2 potions of magic


   Skills:
 + Level 2.8 Fighting
 + Level 3.8 Short Blades
 + Level 3.8 Throwing
 + Level 2.6 Dodging
 + Level 13.6 Stealth
 + Level 1.6 Evocations


You had 4 spell levels left.
You didn't know any spells.
Your spell library was empty.

Dungeon Overview and Level Annotations

Branches:
Dungeon (1/1)

Altars:
Cheibriados
Dithmenos
Elyvilon
Gozag
Hepliaklqana
Kikubaaqudgha
Makhleb
Nemelex Xobeh
Okawaru
Qazlal
Ru
Sif Muna
Trog
Uskayaw
Vehumet
Wu Jian
Xom
Yredelemnul
Zin
The Shining One
Beogh
Jiyva
Lugonu


Innate Abilities, Weirdness & Mutations

You are very small and have problems with some larger weapons.
You are too small for most types of armour.
You have supernaturally acute eyesight. (SInv)
You cover ground extremely quickly.


Message History

There is an open door here.
You see here a quarterstaff.
A red film seems to cover your vision as you go berserk!
You feel yourself moving faster!
You feel mighty!
You barely miss the spriggan. The spriggan misses you.
You miss the spriggan.
You flicker for a moment.
The spriggan hits you with a +0 rapier.
You closely miss the spriggan. The spriggan closely misses you.
You barely miss the spriggan. The spriggan hits you with a +0 rapier.
Unknown command.
You hit the spriggan.
The spriggan is heavily wounded.
The spriggan hits you with a +0 rapier!
* * * LOW HITPOINT WARNING * * *
Unknown command.
You miss the spriggan.
The spriggan is heavily wounded.
The spriggan hits you with a +0 rapier.
You die...

######################
#.⌠._._._._.⌠.#.@is..#
'.._._._._._..'.i#$.$#
#..._._._._...#..###+#
#.._._._._._..#.[#
#._._._._._.⌠.####
###############


You could see 2 spriggans and a scorpion (wandering).

Vanquished Creatures
  3 oklob saplings (D)
  A worker ant (D)
  A river rat (D)
  A rat (D)
6 creatures vanquished.

Vanquished Creatures (others)
  A fungus (D)
1 creature vanquished.

Grand Total: 7 creatures vanquished

Notes
Turn   | Place    | Note
-------+----------+-------------------------------------------
     0 | D        | mhtbhm the Spriggan Brigand began the quest for the Orb.
     0 | D        | Reached XP level 1. HP: 10/10 MP: 2/2
    20 | D        | Reached skill level 7 in Stealth
    20 | D        | Reached XP level 2. HP: 2/15 MP: 3/3
    21 | D        | Reached skill level 8 in Stealth
   482 | D        | Noticed an oklob sapling
   484 | D        | Killed an oklob sapling
   485 | D        | Reached skill level 10 in Stealth
   485 | D        | Reached XP level 3. HP: 18/18 MP: 4/4
   488 | D        | Found the amulet of invisibility {+Inv}
   494 | D        | Reached skill level 11 in Stealth
   519 | D        | Found an opulent altar of Gozag.
   519 | D        | Found a hazy altar of Hepliaklqana.
   519 | D        | Found a burning altar of Makhleb.
   519 | D        | Found a roughly hewn altar of Beogh.
   519 | D        | Found a sparkling altar of Nemelex Xobeh.
   519 | D        | Found a snail-covered altar of Cheibriados.
   519 | D        | Found a sacrificial altar of Ru.
   519 | D        | Found a shimmering blue altar of Sif Muna.
   519 | D        | Found a shimmering altar of Xom.
   519 | D        | Found a basalt altar of Yredelemnul.
   520 | D        | Found a viscous altar of Jiyva.
   520 | D        | Found a bloodstained altar of Trog.
   520 | D        | Found an ornate altar of the Wu Jian Council.
   520 | D        | Noticed an oklob sapling priest
   521 | D        | Found an iron altar of Okawaru.
   521 | D        | Found a shadowy altar of Dithmenos.
   521 | D        | Found a glowing silver altar of Zin.
   522 | D        | Found an ancient bone altar of Kikubaaqudgha.
   522 | D        | Found a hide-covered altar of Uskayaw.
   523 | D        | Found a stormy altar of Qazlal.
   523 | D        | Found a white marble altar of Elyvilon.
   523 | D        | Found a glowing golden altar of the Shining One.
   524 | D        | Found a corrupted altar of Lugonu.
   524 | D        | Found a radiant altar of Vehumet.
   527 | D        | Killed an oklob sapling priest
   528 | D        | Reached skill level 12 in Stealth
   528 | D        | Reached XP level 4. HP: 23/23 MP: 2/5
   535 | D        | Became a worshipper of Dithmenos the Shadowed
   682 | D        | Reached skill level 13 in Stealth
   682 | D        | Reached skill level 1 in Evocations
   682 | D        | Reached XP level 5. HP: 28/28 MP: 3/6
   695 | D        | Slain by a spriggan

Illustrated notes

Levels and vault maps discovered:
D:        dungeon_sprint_fedhas [sprint_temple]

Skill      XL: |  1  2  3  4 |
---------------+-------------+-----
Stealth        | 7 10 12 13 | 13.6
Fighting       | 2 |  2.8
Dodging        | 2 |  2.6
Short Blades   | 3 |  3.8
Throwing       | 3 |  3.8
Evocations     | 1 |  1.6

Action                   |  1- 3 |  4- 6 || total
-------------------------+-------+-------++-------
Melee: Dagger            |    12 |     8 ||    20
Throw: Dart              |     4 |       ||     4
 Abil: Evoke Invisibilit |     1 |     1 ||     2
  Use: Potion            |       |     1 ||     1
 Stab: Sleeping          |     3 |     1 ||     4
Armor: Robe              |     1 |       ||     1
Dodge: Dodged            |     4 |     4 ||     8

Table legend: (Time is in decaauts)
 A = Elapsed time spent in this place.
 B = Non-inter-level travel time spent in this place.
 C = Inter-level travel time spent in this place.
 D = Time resting spent in this place.
 E = Time spent auto-exploring this place.
 F = Levels seen in this place.
 G = Mean time per level.
                   A        B        C        D        E       F      G
               +--------+--------+--------+--------+--------+-----+--------+
         Total |    661 |    661 |      0 |    574 |      0 |   1 |  661.0 |
       Dungeon |    661 |    661 |      0 |    574 |      0 |   1 |  661.0 |
               +--------+--------+--------+--------+--------+-----+--------+

Top non-repeatable levels by time:
       D: 661 daAuts
